Cogmind - Beta 17 @@@ ROGUE MODE // 2026.07.04 @ 20:13:41 Player: star Result: Self-destructed Performance ------------- Evolutions (3) 1500 Regions Visited (7) 1400 Robots Destroyed (78) 390 Value Destroyed (2854) 2854 Prototype IDs (25) 500 Alien Tech Used (0) 0 Bonus (1428) 1428 TOTAL SCORE: 8072 Bonus ------- High Alert Combat Kills 445 Follower Combat Kills 35 Entered Garrisons 200 Used RIF Installer 500 Aligned with FarCom 300 Friendly Fire -52 Cogmind --------- Core Integrity 566/700 Matter 2/300 Energy 150/150 System Corruption 4% Temperature Cool (0) Movement Walking (196) Ox1 Location -7/Factory Parts ------- > --- POWER (1) -------- Micro Nuclear Core > --- PROPULSION (4) --- Aluminum Leg Titanium Leg Titanium Leg > --- UTILITY (5) ------ Improved Heat Sink High-capacity Storage Unit Improved Light Armor Plating Relay Coupler [NC] (11) Relay Coupler [Grunt] (21) > --- WEAPON (3) ------- Gauss Rifle Rocket Launcher > --- INVENTORY (20) --- Improved Deuterium Engine Improved Deuterium Engine Armored Huge Wheel Armored Huge Wheel Heat Sink Improved Heat Sink 0b10 Alert Chip Core Analyzer Improved Propulsion Shielding Layered Light Armor Plating Layered Light Armor Plating Shock Absorption System Relay Coupler [NC] (28) Relay Coupler [Grunt] (23) Relay Coupler [Demolisher] (17) Heavy Missile Launcher Remote Datajack Peak State ------------ > --- POWER ------------ Micro Nuclear Core > --- PROPULSION ------- Aluminum Leg Titanium Leg Titanium Leg Titanium Leg > --- UTILITY ---------- Improved Heat Sink High-capacity Storage Unit Improved Light Armor Plating Layered Light Armor Plating Relay Coupler [Grunt] > --- WEAPON ----------- Improved EM Pulse Cannon Gauss Rifle Heavy Missile Launcher > --- INVENTORY -------- Improved Deuterium Engine Improved Deuterium Engine Armored Huge Wheel Armored Huge Wheel Heat Sink Improved Heat Sink 0b10 Alert Chip Core Analyzer Improved Propulsion Shielding Layered Light Armor Plating Shock Absorption System Relay Coupler [NC] Relay Coupler [NC] Relay Coupler [Grunt] Relay Coupler [Demolisher] Rocket Launcher Remote Datajack [Rating: 46] Favorites ----------- Power Improved Deuterium Engine Engine Improved Deuterium Engine Power Core Micro Nuclear Core Propulsion Aluminum Leg Leg Aluminum Leg Utility Improved Heat Sink Device Improved Heat Sink Storage Small Storage Unit Hackware Relay Coupler [Grunt] Protection Layered Light Armor Plating Weapon Light EM Pulse Cannon Energy Gun EM Pulse Gun Energy Cannon Light EM Pulse Cannon Ballistic Gun Assault Rifle Launcher Rocket Launcher Special Weapon Remote Datajack Slashing Weapon Greatsword Special Melee Weapon Improved Datajack Build | -11 -10 -10 -10 -9 -8 -8 -7 ------- Run | Yrd Mat Min Exi Min Mat Gar Fac Slots Evolved 6 | . . . . . 4 . 2 Power . | . . . . . . . . Propulsion 2 | . . . . . 1 . 1 Utility 3 | . . . . . 2 . 1 Weapon 1 | . . . . . 1 . . Parts Attached 41 | 7 2 1 . . 15 7 9 Power 5 | 1 . . . . 3 . 1 Engine 4 | 1 . . . . 3 . . Core 1 | . . . . . . . 1 Reactor . | . . . . . . . . Propulsion 9 | 2 1 . . . 4 2 . Treads . | . . . . . . . . Leg 9 | 2 1 . . . 4 2 . Wheel . | . . . . . . . . Hover . | . . . . . . . . Flight . | . . . . . . . . Utility 13 | 1 1 . . . 3 4 4 Device 4 | . . . . . 1 3 . Storage 2 | 1 . . . . . 1 . Processor . | . . . . . . . . Hackware 3 | . . . . . . . 3 Protection 4 | . 1 . . . 2 . 1 Artifact . | . . . . . . . . Weapon 14 | 3 . 1 . . 5 1 4 Energy Gun 2 | 2 . . . . . . . Energy Cannon 5 | . . . . . 3 1 1 Ballistic Gun 2 | 1 . . . . . . 1 Ballistic Cannon . | . . . . . . . . Launcher 2 | . . 1 . . 1 . . Special Weapon 1 | . . . . . . . 1 Impact Weapon . | . . . . . . . . Slashing Weapon 1 | . . . . . 1 . . Piercing Weapon . | . . . . . . . . Special Melee Weapon 1 | . . . . . . . 1 Unidentified Prototypes . | . . . . . . . . Corrupted Parts 2 | . . . . . . 1 1 System Corruption 4 | . . . . . . 2 2 Parts Lost 9 | . 1 . . . 1 3 4 Power . | . . . . . . . . Propulsion 2 | . . . . . . 1 1 Utility 2 | . . . . . 1 1 . Weapon 5 | . 1 . . . . 1 3 Highest Loss Streak 2 | . 1 . . . 1 1 2 To Critical Strikes . | . . . . . . . . Average Backups 9 | 1 5 7 7 7 7 9 17 Power 1 | . 1 1 1 1 1 1 1 Propulsion 1 | . 1 2 2 2 1 1 2 Utility 3 | . 1 2 2 2 1 3 10 Weapon 2 | . 2 2 2 2 3 2 2 Tool/Special . | . . . . . . . . Unused Backups 17 | . 1 1 . 3 1 . 11 Power 2 | . . . . . 1 . 1 Propulsion 3 | . 1 . . . . . 2 Utility 10 | . . . . 2 . . 8 Weapon 2 | . . 1 . 1 . . . Tool/Special . | . . . . . . . . Average Slot Usage (%) 93 | . 98 100 100 100 85 99 84 Engine 9 | . 14 14 14 14 9 9 5 Leg 25 | . 28 28 28 28 23 27 24 Device 10 | . . . . . 8 16 8 Storage 9 | . 14 14 14 14 9 9 7 Hackware 1 | . . . . . . . 6 Protection 10 | . 12 14 14 14 10 9 8 Energy Gun 2 | . 26 11 . 12 . . . Energy Cannon 17 | . . . . . 20 26 13 Ballistic Gun 2 | . 1 14 14 14 . . 2 Launcher 1 | . . 3 14 1 . . 1 Peak Build Rating 46 | 6 8 8 9 9 34 35 46 Average Rating 25 | 4 7 7 8 8 23 31 37 On Entrance 13 | . 6 7 8 9 9 33 35 Avg Prop Armor Cover (%) . | . . . . . . . . Naked Turns . | . . . . . . . . Heaviest Build 73 | 14 17 19 19 19 39 70 73 Greatest Support 61 | 20 20 20 20 20 51 51 61 Greatest Overweight (x) 4 | 4 . . . . 1 1 1 Average Overweight (x) . | . . . . . . . 1 Largest Inventory Capacity 20 | 8 8 8 8 8 8 20 20 Average Capacity 11 | 7 8 8 8 8 8 11 20 Most Carried 20 | 2 8 8 8 8 8 20 20 Average Carried 10 | 1 6 7 7 7 7 10 19 Final Capacity 20 | 8 8 8 8 8 8 20 20 Final Carried 20 | 2 7 7 8 8 8 20 19 Class Distribution -------------------- 29% | Skirmisher 27% | Mutant 13% | Scavenger-Skirmisher 12% | Tank 9% | Bothacker-Mutant 6% | Bothacker-Skirmisher Dominant Class ---------------- Mutant | -10/Materials Mutant | -10/Mines Mutant | -10/Exiles Mutant | -9/Mines Tank | -8/Materials Skirmisher | -8/Garrison Bothacker-Mutant | -7/Factory Resources | -11 -10 -10 -10 -9 -8 -8 -7 ----------- Run | Yrd Mat Min Exi Min Mat Gar Fac Matter Collected 1028 | 252 48 . . 42 294 332 60 Remotely . | . . . . . . . . Salvage Created 2737 | . 202 . . 15 993 1267 260 Parts 133 | . 7 . . 4 51 58 13 Haulers Intercepted 4 | . . . . . 4 . . Recyclers Shooed 1 | . . . . . 1 . . Parts Field Recycled . | . . . . . . . . Retrieved Matter . | . . . . . . . . Parts Self-Destructed . | . . . . . . . . Prevented . | . . . . . . . . Parts Restored . | . . . . . . . . Kills | -11 -10 -10 -10 -9 -8 -8 -7 ------- Run | Yrd Mat Min Exi Min Mat Gar Fac Combat Hostiles Destroyed 63 | . 4 . . 4 16 32 7 Melee 1 | . . . . . . 1 . Guns 4 | . 4 . . . . . . Cannons 14 | . . . . . 5 8 1 AOE 40 | . . . . 4 9 22 5 Classes Destroyed 11 | . 1 . . 1 5 1 3 Worker 3 | . . . . . 2 . 1 Builder 2 | . . . . . . . 2 Hauler 4 | . . . . . 4 . . Recycler 5 | . . . . . 4 . 1 Operator 1 | . . . . . 1 . . Swarmer 24 | . . . . 4 7 13 . Grunt 26 | . 4 . . . 7 15 . Sentry 6 | . . . . . 2 3 1 Specialist 2 | . . . . . . . 2 Hunter 3 | . . . . . . 1 2 Programmer 2 | . . . . . . . 2 Best Kill Streak 7 | . 2 . . 4 6 7 6 Combat Bots Only 7 | . 2 . . 4 3 7 4 Max Kills in Single Turn 6 | . 1 . . 2 4 6 2 Gunslinging . | . . . . . . . . Exploded 6 | . . . . 2 3 6 2 Melee 1 | . . . . . . 1 . Uniques/NPCs Destroyed . | . . . . . . . . Combat | -11 -10 -10 -10 -9 -8 -8 -7 -------- Run | Yrd Mat Min Exi Min Mat Gar Fac Hostile Shots Fired 186 | . 17 . . 4 42 53 70 Missed 58 | . 3 . . 1 17 19 18 Hits 128 | . 14 . . 3 25 34 52 Projectile 128 | . 14 . . 3 25 34 52 Critical Strikes 2 | . . . . . . 1 1 Part Disruptions 1 | . . . . . . . 1 Damage Taken 1980 | . 225 . . 101 283 610 761 Core 306 | . 17 . . . 23 132 134 Absorbed by Shields 46 | . . . . . . 17 29 Redirected to Shielding 40 | . . . . . 31 9 . Core Remaining (%) 88 | 100 . . . 93 . 71 . Volleys Fired 114 | . 12 . . 2 25 55 20 Largest 3 | . 2 . . 1 3 3 3 Hottest 188 | . 80 . . 33 175 175 188 Shots Fired 233 | . 22 . . 2 52 122 35 Gun 25 | . 22 . . . . . 3 Cannon 170 | . . . . . 46 109 15 Launcher 34 | . . . . 2 6 13 13 Special 4 | . . . . . . . 4 Kinetic 3 | . . . . . . . 3 Thermal . | . . . . . . . . Explosive 34 | . . . . 2 6 13 13 Electromagnetic 192 | . 22 . . . 46 109 15 Robot Hit Streak 14 | . 12 . . 3 8 14 12 Robot Miss Streak 3 | . 2 . . . 2 3 3 Penetration Max . | . . . . . . . . Secondary Targets . | . . . . . . . . Shots Hit Robots 149 | . 17 . . 1 33 71 27 Core Hits 122 | . 7 . . 3 34 47 31 Critical Kills . | . . . . . . . . Critical Parts Destroyed . | . . . . . . . . Critical Strikes 2 | . 1 . . . . 1 . Corrupt 2 | . 1 . . . . 1 . Melee Attacks 8 | . . . . . 5 . 3 Impact . | . . . . . . . . Slashing 5 | . . . . . 5 . . Piercing . | . . . . . . . . Sneak Attacks 2 | . . . . . 2 . . Combat Hostiles . | . . . . . . . . Follow-up Attacks . | . . . . . . . . Damage Inflicted 7711 | . 293 . . 206 2020 3402 1790 Guns 259 | . 217 . . . . . 42 Cannons 2684 | . . . . . 720 1652 312 Explosions 4437 | . 76 . . 206 975 1744 1436 Melee 325 | . . . . . 325 . . Ramming 6 | . . . . . . 6 . Kinetic 42 | . . . . . . . 42 Thermal 606 | . 76 . . . 197 333 . Explosive 3831 | . . . . 206 778 1411 1436 Electromagnetic 2901 | . 217 . . . 720 1652 312 Impact . | . . . . . . . . Slashing 325 | . . . . . 325 . . Piercing . | . . . . . . . . Highest Corruption 4 | . . . . . . 2 4 Average Corruption 2 | . . . . . . 2 2 Corruption Purged . | . . . . . . . . Corruption Blocked . | . . . . . . . . Effects 11 | . . . . . . 5 6 Message Errors 3 | . . . . . . 2 1 Matter Fused 4 | . . . . . . 1 3 Heat Flow Errors 1 | . . . . . . 1 . Energy Discharges 1 | . . . . . . . 1 Data Loss (minor) 2 | . . . . . . 1 1 Overload Shots . | . . . . . . . . Overflow Damage 234 | . . . . 28 146 29 31 Projectiles . | . . . . . . . . Explosions 121 | . . . . 28 33 29 31 Melee 113 | . . . . . 113 . . Knockbacks . | . . . . . . . . Impact . | . . . . . . . . Kinetic . | . . . . . . . . Secondary . | . . . . . . . . Self-Inflicted Damage 217 | . . . . 45 . 139 33 Shots 6 | . . . . 1 . 3 2 Rammed . | . . . . . . . . Targets Rammed 1 | . . . . . . 1 . Kicked 1 | . . . . . . 1 . Crushed . | . . . . . . . . Highest Temperature 308 | . 222 . . . 290 308 126 Average Temperature 81 | . 105 . . . 89 70 56 Received Heat Transfer 507 | . 96 . . . 72 231 108 Effects 2 | . 2 . . . . . . Energy Bleed 1 | . 1 . . . . . . Interference 1 | . 1 . . . . . . Siege Activations . | . . . . . . . . Martial Activations . | . . . . . . . . Shielding Activations . | . . . . . . . . Robots Disrupted 1 | . . . . . . 1 . Combat Hostiles 1 | . . . . . . 1 . Robots Corrupted 7 | . . . . . 2 4 1 Combat Hostiles 4 | . . . . . 2 1 1 Parts Fried 16 | . 1 . . . 5 7 3 Impact Corruptions . | . . . . . . . . Robots Melted . | . . . . . . . . Combat Hostiles . | . . . . . . . . Parts Melted . | . . . . . . . . Heat Transferred 700 | . 100 . . . 300 300 . Parts Sabotaged . | . . . . . . . . Parts Stolen . | . . . . . . . . Parts Stripped . | . . . . . . . . Power Chain Reactions 8 | . 1 . . . 2 5 . Alert | -11 -10 -10 -10 -9 -8 -8 -7 ------- Run | Yrd Mat Min Exi Min Mat Gar Fac Maximum Alert Level 4 | . . . . . 1 4 3 Low Security (%) 42 | 100 100 100 . 100 93 6 . Level 1 6 | . . . . . 6 11 . Level 2 22 | . . . . . . 13 96 Level 3 11 | . . . . . . 26 3 Level 4 16 | . . . . . . 42 . Level 5 . | . . . . . . . . High Security . | . . . . . . . . Max Security . | . . . . . . . . Peak Influence 1339 | . 70 8 . 127 212 1339 702 Initial 702 | . . 8 . . 33 136 702 Average 488 | . 30 1 . 106 130 851 582 Influence Increases 2362 | . 122 . . 127 579 1233 301 Destroy 0b10 Robot/C 1280 | . 80 . . 80 320 640 160 Destroy 0b10 Robot/NC 90 | . . . . . 55 15 20 Destroy Leader 158 | . 10 . . 10 68 30 40 Allied During Kill 3 | . . . . . . . 3 Successful Hack 34 | . . . . . 4 30 . Disable Machine 105 | . . . . 15 30 45 15 Anti-Garrison Action 350 | . . . . . . 350 . Destroy Structure 222 | . 2 . . 22 72 93 33 Partial Spotted 30 | . . . . . 15 . 15 Lose Combat Pursuer 90 | . 30 . . . 15 30 15 Influence Decreases 1735 | . 100 22 . 40 456 104 1013 Entered New Map 779 | . . 14 . . 54 74 637 Time Decay 816 | . 90 8 . 40 392 . 286 Lost Part 90 | . 10 . . . 10 30 40 Lost Ally 50 | . . . . . . . 50 Squads Dispatched 6 | . . . . . 2 . 4 Investigation 1 | . . . . . . . 1 Extermination 1 | . . . . . . . 1 Reinforcement 4 | . . . . . 2 . 2 Assault . | . . . . . . . . Garrison . | . . . . . . . . Intercept . | . . . . . . . . Searches Triggered . | . . . . . . . . Construction Impeded 2 | . . . . . 1 . 1 Haulers Reinforced . | . . . . . . . . Active Scanning Responses . | . . . . . . . . Cargo Convoy Interrupts 1 | . . . . . . . 1 Stealth | -11 -10 -10 -10 -9 -8 -8 -7 --------- Run | Yrd Mat Min Exi Min Mat Gar Fac Distress Signals 4 | . . . . . 2 . 2 Communications Jammed . | . . . . . . . . Distress Signals . | . . . . . . . . Times Spotted 76 | . 7 . . 2 26 23 18 Peak Tracking Total 8 | . 3 . . 2 4 6 8 Tactical Retreats 5 | . 1 . . . 1 2 1 Traps | -11 -10 -10 -10 -9 -8 -8 -7 ------- Run | Yrd Mat Min Exi Min Mat Gar Fac Traps Triggered 7 | . 1 . . . 1 5 . Indirectly . | . . . . . . . . Trap Hack Attempts . | . . . . . . . . Triggered . | . . . . . . . . Disarmed . | . . . . . . . . Reprogrammed . | . . . . . . . . Reused . | . . . . . . . . Traps Extracted . | . . . . . . . . Installed . | . . . . . . . . Triggered . | . . . . . . . . Machines | -11 -10 -10 -10 -9 -8 -8 -7 ---------- Run | Yrd Mat Min Exi Min Mat Gar Fac Machines Disabled 10 | . . . . 1 2 6 1 Max in Single Turn 1 | . . . . 1 1 1 1 Garrison Relay 3 | . . . . . . 3 . Machines Repaired . | . . . . . . . . Machines Dismantled . | . . . . . . . . Machines Sabotaged . | . . . . . . . . Overloaded Fab Kills . | . . . . . . . . Hacking | -11 -10 -10 -10 -9 -8 -8 -7 --------- Run | Yrd Mat Min Exi Min Mat Gar Fac Machines Accessed 10 | . . . 2 1 1 5 1 Terminals 6 | . . . . . . 5 1 Fabricators . | . . . . . . . . Repair Stations . | . . . . . . . . Recycling Units . | . . . . . . . . Scanalyzers . | . . . . . . . . Garrison Access 1 | . . . . . 1 . . Total Hacks 19 | . . . 2 1 1 10 5 Successful 7 | . . . 2 1 1 2 1 Failed 12 | . . . . . . 8 4 Catastrophic 7 | . . . . . . 5 2 Database Lockouts . | . . . . . . . . Manual 2 | . . . 1 . . 1 . Terminals 15 | . . . . . . 10 5 Fabricators . | . . . . . . . . Repair Stations . | . . . . . . . . Recycling Units . | . . . . . . . . Scanalyzers . | . . . . . . . . Garrison Access 1 | . . . . . 1 . . Terminal Hacks 6 | . . . 2 1 . 2 1 Record 1 | . . . 1 . . . . Prototype ID Bank 1 | . . . . . . . 1 Open Door 1 | . . . . 1 . . . Garrison Registry 1 | . . . . . . 1 . Security Stations 1 | . . . . . . 1 . Proto ID Catalog 1 | . . . 1 . . . . Fabricator Hacks . | . . . . . . . . Repair Station Hacks . | . . . . . . . . Recycling Unit Hacks . | . . . . . . . . Scanalyzer . | . . . . . . . . Garrison Access Hacks 1 | . . . . . 1 . . Unlock Access 1 | . . . . . 1 . . Unauthorized Hacks . | . . . . . . . . Terminals . | . . . . . . . . Fabricators . | . . . . . . . . Repair Stations . | . . . . . . . . Recycling Units . | . . . . . . . . Scanalyzers . | . . . . . . . . Garrison Access . | . . . . . . . . Data Cores Recovered . | . . . . . . . . Used . | . . . . . . . . Hacking Detections 6 | . . . . . 1 4 1 Full Trace Events 3 | . . . . . . 2 1 Feedback Events . | . . . . . . . . Feedback Blocked . | . . . . . . . . Robot Schematics Acquired . | . . . . . . . . Robots Built . | . . . . . . . . Authchips . | . . . . . . . . Time . | . . . . . . . . Total Robot Build Rating . | . . . . . . . . Part Schematics Acquired . | . . . . . . . . Parts Built . | . . . . . . . . Authchips . | . . . . . . . . Time . | . . . . . . . . Total Part Build Rating . | . . . . . . . . Part Studies Acquired . | . . . . . . . . Parts Repaired . | . . . . . . . . Time . | . . . . . . . . Parts Recycled . | . . . . . . . . Recycled Matter . | . . . . . . . . Retrieved Matter . | . . . . . . . . Retrieved Components . | . . . . . . . . Parts Scanalyzed . | . . . . . . . . Part Schematics Acquired . | . . . . . . . . Parts Damaged . | . . . . . . . . Bothacking | -11 -10 -10 -10 -9 -8 -8 -7 ------------ Run | Yrd Mat Min Exi Min Mat Gar Fac Used RIF Installer 1 | . . . . . . 1 . Robots Hacked 3 | . . . . . . . 3 Non-combat 1 | . . . . . . . 1 Combat 2 | . . . . . . . 2 Robot Hacks Applied 4 | . . . . . . . 4 find_garrison 1 | . . . . . . . 1 formatsys_high 3 | . . . . . . . 3 Relay Couplers Released 13 | . . . . . . 13 . Machine Destruction 13 | . . . . . . 13 . Attached 3 | . . . . . . . 3 Fabnet Peak Effective % . | . . . . . . . . Robots Rewired . | . . . . . . . . Allies Hacked . | . . . . . . . . Hacks Repelled . | . . . . . . . . Allies | -11 -10 -10 -10 -9 -8 -8 -7 -------- Run | Yrd Mat Min Exi Min Mat Gar Fac Total Allies 3 | . . . . . . . 3 Largest Group 1 | . . . . . . . 1 Highest-Rated Group 39 | . . . . . . . 39 Highest-Rated Ally 39 | . . . . . . . 39 Total Orders . | . . . . . . . . Ally Attacks 6 | . . . . . . . 6 Total Damage 70 | . . . . . . . 70 Kills 1 | . . . . . . . 1 Allies Corrupted . | . . . . . . . . Allies Melted . | . . . . . . . . Intel | -11 -10 -10 -10 -9 -8 -8 -7 ------- Run | Yrd Mat Min Exi Min Mat Gar Fac Active Infowar (turns) . | . . . . . . . . Robot Analysis Total . | . . . . . . . . Derelict Logs Recovered . | . . . . . . . . Drone Launches . | . . . . . . . . Drone Recoveries . | . . . . . . . . Exploration | -11 -10 -10 -10 -9 -8 -8 -7 ------------- Run | Yrd Mat Min Exi Min Mat Gar Fac Turns Passed 3741 | 72 220 131 255 98 929 1400 636 Spaces Moved 2003 | 43 139 107 212 75 419 745 263 Core 17 | 17 . . . . . . . Treads . | . . . . . . . . Legs 1986 | 26 139 107 212 75 419 745 263 Wheels . | . . . . . . . . Hover . | . . . . . . . . Flight . | . . . . . . . . Fastest Speed 50 | 50 120 120 120 120 120 123 196 Average Speed 151 | 139 120 120 120 120 173 145 196 Slowest Speed 250 | 250 120 120 120 120 193 196 197 Overloaded Moves . | . . . . . . . . Propulsion Burnouts . | . . . . . . . . Robots Hopped . | . . . . . . . . Potential Cave-ins . | . . . . . . . . Cave-ins Triggered . | . . . . . . . . Exploration Rate (%) 36 | 3 36 37 59 20 51 79 8 Regions Visited 7 Branch Regions 3 Pre-discovered Areas 1 | . . . 1 . . . . Known Exits Taken 1 | . . . . . 1 . . Unknown Exits Taken 5 | 1 1 1 1 1 . . . Scrap Searched 2 | . . 1 . 1 . . . Spaces Dug 18 | . . . . . . 18 . Terrain Destroyed 242 | . 2 . . 24 73 89 54 Melee . | . . . . . . . . Projectile . | . . . . . . . . AOE 242 | . 2 . . 24 73 89 54 Terrain Rammed . | . . . . . . . . Walls Destroyed . | . . . . . . . . Machines Disabled . | . . . . . . . . Actions | -11 -10 -10 -10 -9 -8 -8 -7 --------- Run | Yrd Mat Min Exi Min Mat Gar Fac Total 2494 | 51 170 109 212 83 564 959 346 Wait 220 | . 8 . . 1 76 101 34 Move 1997 | 42 138 106 211 74 419 744 263 Hop . | . . . . . . . . Pick Up 38 | 2 7 1 1 2 8 14 3 Fast Attach 14 | 6 1 . . . 4 1 2 Attach 11 | . 1 . . . 4 2 4 Detach 1 | . . . . . . . 1 Swap 39 | 1 1 1 . 1 13 12 10 Drop 24 | . 2 1 . 3 10 4 4 Fire 114 | . 12 . . 2 25 55 20 Melee 8 | . . . . . 5 . 3 Ram . | . . . . . . . . Kick 1 | . . . . . . 1 . Crush . | . . . . . . . . Escape Stasis 24 | . . . . . . 24 . Rewire 3 | . . . . . . 1 2 Trap . | . . . . . . . . Miscellaneous . | . . . . . . . . Route ------- -11/Scrapyard -10/Materials (discovered 2 exits: [*Mat] / [*Min]) -10/Mines -10/Exiles (discovered 2 exits: *Min x2) -9/Mines -8/Materials (discovered 3 exits: *Fac x2 / Gar) -8/Garrison (discovered 4 exits: *Fac x3 / [Mat]) -7/Factory History --------- Turn | Location | Event 25 | -11/Scrapyard | Discovered new exit (range 15) 73 | -11/Scrapyard | Entered Materials 206 | -10/Materials | Discovered new exit (range 13) 270 | -10/Materials | Discovered new exit (range 15) 293 | -10/Materials | Entered Mines 307 | -10/Mines | Build established: Mutant 377 | -10/Mines | Assembled infested the area 378 | -10/Mines | Received a Rocket Launcher from a helpful Derelict 419 | -10/Mines | Deemed a non-threat by the Exiles lab entrance 419 | -10/Mines | Discovered new exit (range 5) 424 | -10/Mines | Entered Exiles 442 | -10/Exiles | Discovered new exit (range 15) 453 | -10/Exiles | Met 8R-AWN 474 | -10/Exiles | Met EX-HEX 507 | -10/Exiles | Met EX-BIN 522 | -10/Exiles | Aligned with FarCom system 523 | -10/Exiles | Given EX-Vault access code 553 | -10/Exiles | Opened EX-Vault 564 | -10/Exiles | Found 0b10 Alert Chip 589 | -10/Exiles | Warned to stay clear of 0b10 Research branches 625 | -10/Exiles | Met EX-DEC 631 | -10/Exiles | Learned location of Zion (-6) 665 | -10/Exiles | Discovered new exit (range 14) 679 | -10/Exiles | Left Exiles lab with 0b10 Alert Chip 679 | -10/Exiles | Entered Mines 733 | -9/Mines | Met a Derelict who couldn't figure out how to use a Trap Extractor 762 | -9/Mines | Discovered new exit (range 11) 777 | -9/Mines | Entered Materials 777 | -8/Materials | Evolved 4 slots: Propulsion x1, Utility x2, Weapon x1 1034 | -8/Materials | Discovered new exit (range 14) 1318 | -8/Materials | Build established: Skirmisher 1539 | -8/Materials | Discovered new exit (range 15) 1633 | -8/Materials | Build established: Tank 1706 | -8/Materials | Identified exit to Garrison 1706 | -8/Materials | Entered Garrison 1745 | -8/Garrison | Learned Factory security intel 1768 | -8/Garrison | Triggered checkpoint 1822 | -8/Garrison | Garrison Relay disabled 2135 | -8/Garrison | Triggered checkpoint 2156 | -8/Garrison | Triggered checkpoint 2163 | -8/Garrison | Destroyed 7 combat bots 2258 | -8/Garrison | Discovered new exit (range 10) 2308 | -8/Garrison | Triggered checkpoint 2414 | -8/Garrison | Build established: Skirmisher 2422 | -8/Garrison | Triggered checkpoint 2512 | -8/Garrison | Triggered checkpoint 2562 | -8/Garrison | Discovered new exit (range 30) 2562 | -8/Garrison | Discovered new exit (range 70) 2562 | -8/Garrison | Discovered new exit (range 26) 2562 | -8/Garrison | Discovered new exit (range 24) 2950 | -8/Garrison | Triggered checkpoint 2950 | -8/Garrison | Build established: Scavenger-Skirmisher 2994 | -8/Garrison | Garrison Relay disabled 3091 | -8/Garrison | Installed Relay Interface Framework 3106 | -8/Garrison | Entered Factory 3106 | -7/Factory | Evolved 2 slots: Propulsion x1, Utility x1 3685 | -7/Factory | Cargo convoy interrupted 3742 | -7/Factory | Self-destructed Last Messages --------------- 03716_ U-05 Engineer lays Concrete. 03719_ U-05 Engineer builds a Wall. 03720_ M-28 Smith repairs U-05 Engineer. 03721_ The unstable cave ceiling collapses. 03721_ U-05 Engineer lays Concrete. 03721_ Slug penetrates Construction Platform. 03722_ U-05 Engineer lays Concrete. 03723_ System corrupted: Matter fused (-6). 03723_ U-05 Engineer lays Concrete. 03723_ U-05 Engineer builds a Wall. 03725_ Slug penetrates Angel 4a. 03725_ Angel 4a destroyed. 03728_ U-05 Engineer lays Concrete. 03729_ U-05 Engineer builds a Wall. 03729_ Slug penetrates Wall. 03731_ U-05 Engineer lays Concrete. 03736_ Slug penetrates Construction Platform. 03736_ Construction Platform disabled. 03740_ System corrupted: Matter fused (-6). 03741_ Penetrated by Slug. Map ----- +----------------------------------------------------+ | ????????????????????????? ???????????????????? | | ???????????????????????? ???????????????????? | | ????????????????????????# ???????????????????? | | ????????????????????????# ??#????????????????? | | ????????????????????????# ?# ####????????????? | | ????????????????????????# # # ????????????? | | ???????????????????????## #????????????? | | ???????????????????????# ## #????????????? | | ????????????????????#### # ######???????? | | ????????????????????"" ######### | | ??????????????????""R" ^ | | ???????????????? "" " | | ???????????????? | | ???????????????# Y | | ??????????????? # # ### | | ??????????????? # ## | | ???????????????? """"""" % # # | | ?????????????????????"""""" #% # / | | ????????????????????""""""" H"" # ### | | ??????????????? """"""" "" + #?# | | ?????????????# #"" # #?# | | ??????????????? w """"""" #"T / #?# | | ??????????????????? """"""" #"" " #?# | | ??????????????? ? """""""h #"" # #?# | | ??????????" x x """""" #"" # #?# | | ?????????????# @ #"" # #?# | | ?????????????# #" # #?# | | ?????????????# # # #?# | | ?????????????################### """ # #?## | | ???????????????????????????????# """ # #??? | | ???????????????????????????????# """ # #??? | | ???????????????????????????????# # #??? | | ???????????????????????????????# # ???? | | ???????????????????????????????###??##### ???? | | ?????????????????????????????????????????????????? | | ????????????????????????????????o????????????????? | | ?????????????????????????????????????????????????? | | ?????????????????????????????????????????????????? | | ?????????????????????????????????????????????????? | | ?????????????????????????????????????????????????? | | ?????????????????????????????????????????????????? | | ?????????????????????????????????????????????????? | | ?????????????????????????????????????????????????? | | ?????????????????????????????????????????????????? | | ?????????????????????????????????????????????????? | | ?????????????????????????????????????????????????? | | ?????????????????????????????????????????????????? | | ?????????????????????????????????????????????????? | | ?????????????????????????????????????????????????? | | ?????????????????????????????????????????????????? | +----------------------------------------------------+ Best States ------------- Heat Dissipation 62 Energy Generation 18 Energy Capacity 290 Matter Stores 300 Matter Capacity 300 Sight Range 16 Terrain Scan Density 10 Armor Coverage 300 Propulsion Shielding 66 Evasion (%) 55 Particle Charging 15 Relay Coupler Types 2 Relay Coupler Value 34 Item Schematics ----------------- None Robot Schematics ------------------ None Fabricated ------------ Nothing Repaired ---------- Nothing Studied --------- None Alien Tech Used ----------------- None Achievements -------------- None Challenges ------------ None Game ------ Seed SixRocketPlating Manual? 0 Play Time 00:25:43 Cumulative 221.7 hours Start 2026.07.03 @ 14:56:06 End 2026.07.04 @ 20:13:41 Sessions 3 Manual Loads 0 Difficulty Rogue Special Mode None Game No. 370 Rogue 370 Adventurer 0 Explorer 0 Win Type - Total 2 Types 2/0/0/0/0/0/0/0/0/0 Lore% 66 Gallery% 61 Achievement% 49 Wizard Run 0 Options --------- Layout 2 ASCII 0 Keyboard 1 Movement Numpad Keybinds 0 Fullscreen 1 Font 20/SmallcapsGlow Map View 64x51 Zoom Use 0% Tactical HUD 1 Map Filters NONE Filters NONE Steam 1 RUN: 37463e93-667b-4695-9ef2-778dd621f665